 Dungeon Crawl Stone Soup version 0.25-a0-410-g53dbb63 (webtiles) character file.

Game seed: 13224913891653517134, levelgen mode: deterministic

683 EternalFade the Archer (level 7, -6/61 HPs)
             Began as a Centaur Hunter on Jan 13, 2020.
             Mangled by Prince Ribbit (18 damage)
             ... on level 5 of the Dungeon.
             The game lasted 00:40:24 (6992 turns).

EternalFade the Archer (Centaur Hunter)             Turns: 6992, Time: 00:40:25

Health: -6/61      AC:  4    Str: 16    XL:     7   Next: 35%
Magic:  7/7        EV: 10    Int: 10    God:
Gold:   197        SH:  0    Dex: 10    Spells: 6/6 levels left

rFire    . . .     SeeInvis .   a - +1 shortbow
rCold    . . .     Gourm    .   (shield currently unavailable)
rNeg     . . .     Faith    .   c - +0 leather armour
rPois    .         Spirit   .   (no helmet)
rElec    .         Reflect  .   (no cloak)
rCorr    .         Harm     .   (no gloves)
MR       .....                  (no barding)
Stlth    +.........             (no amulet)
HPRegen  0.20/turn              (no ring)
MPRegen  0.10/turn              (no ring)

@: very quick
A: large, hooves 3, deformed body, speed 2, tough skin 3
a: no special abilities


You were on level 5 of the Dungeon.
You were not hungry.

You visited 2 branches of the dungeon, and saw 6 of its levels.
You also visited: Ossuary.

You collected 197 gold pieces.

Inventory:

Hand Weapons
 a - a +1 shortbow (weapon)
 b - a +0 spear
   (You took it off a gnoll on level 2 of the Dungeon)
 s - a +0 short sword
Missiles
 g - 13 arrows (quivered)
 j - 110 stones
 m - 17 boomerangs
Armour
 c - a +0 leather armour (worn)
 t - a +0 hat
   (You found it on level 2 of the Dungeon)
 u - a +0 buckler
   (You found it on level 2 of the Dungeon)
Jewellery
 q - an uncursed ring of protection from cold {unknown}
   (You found it on level 1 of the Dungeon)
 A - a +3 amulet of reflection {unknown}
   (You found it on level 3 of the Dungeon)
Scrolls
 d - 3 scrolls of blinking {unknown}
 k - 2 scrolls of fear {unknown}
 n - 2 scrolls of immolation {unknown}
 p - 4 scrolls of enchant armour {unknown}
 w - a scroll of noise {unknown}
 x - 2 scrolls of identify {unknown}
 y - a scroll of enchant weapon {unknown}
 B - a scroll of remove curse {unknown}
 F - 4 scrolls of teleportation {unknown}
Potions
 f - 5 potions of brilliance {unknown}
 h - 3 potions of might {unknown}
 i - 2 potions of berserk rage {unknown}
 l - 2 potions of curing {unknown}
 o - a potion of haste {@q3}
 r - 2 potions of magic {unknown}
 v - 4 potions of degeneration {unknown}
 z - 3 potions of flight {unknown}
 C - a potion of cancellation {unknown}
 D - a potion of lignification {unknown}
 E - a potion of mutation {unknown}
 G - a potion of ambrosia {unknown}
Comestibles
 e - 6 rations {!d}


   Skills:
 + Level 5.0 Fighting
 + Level 8.1 Bows
 + Level 3.7 Dodging
 - Level 0.4 Stealth


You had 6 spell levels left.
You didn't know any spells.
Your spell library was empty.

Dungeon Overview and Level Annotations

Branches:
Dungeon (5/15)             Temple (1/1) D:4         Ossuary (visited)

Altars:
Cheibriados
Elyvilon
Fedhas
Hepliaklqana
Nemelex Xobeh
Ru
Trog
Uskayaw
Wu Jian
Yredelemnul
Zin
The Shining One

Annotations:
D:3 Grinder, Pikel, Sigmund
D:4 Dowan, Duvessa, Eustachio
D:5 Prince Ribbit


Innate Abilities, Weirdness & Mutations

You have hooves in place of feet.
Armour fits poorly on your strangely shaped body.
You cover ground very quickly.
You have extremely tough skin. (AC +3)


Message History

You climb downwards.
Level annotation: Prince Ribbit Prince Ribbit winks and puckers his lips.
Prince Ribbit hits you! Prince Ribbit closely misses you.
There is a stone staircase leading up, spattered with blood here.
Prince Ribbit closely misses you.
Prince Ribbit hops awkwardly around.
Prince Ribbit hits you!!
* * * LOW HITPOINT WARNING * * *
There is an escape hatch in the floor here.
Prince Ribbit blinks!
Prince Ribbit blinks!
Prince Ribbit blinks!
There is a stone staircase leading up here.
Prince Ribbit blinks!
There is an escape hatch in the floor here.
Prince Ribbit blinks!
There is a stone staircase leading up, spattered with blood here.
You start resting.
Prince Ribbit is too close now for your liking.
You climb upwards.
Level annotation: Dowan, Duvessa, Eustachio The slave shouts!
The quokka closely misses you. The river rat bites you.
* * * LOW HITPOINT WARNING * * *
Eustachio mumbles some strange words.
Eustachio blinks!
There is a stone staircase leading down here.
The bat closely misses you. The bat barely misses you.
The bat hits you but does no damage.
Eustachio gestures wildly while chanting.
Eustachio blinks!
The quokka closely misses you. The river rat closely misses you.
The quokka bites you.
* * * LOW HITPOINT WARNING * * *
The bat barely misses you. The bat hits you but does no damage.
The quokka closely misses you. The river rat barely misses you.
The bat barely misses you.
There is a stone staircase leading down here.
You can't go up here!
The bat hits you but does no damage. The river rat closely misses you.
The slave hits you.
* * * LOW HITPOINT WARNING * * *
The quokka barely misses you.
You climb downwards.
Level annotation: Prince Ribbit Prince Ribbit hits you!!
You die...

#...# ##.##
##..####..#
##....##..##
###.....ยง..##
#..........#
...........### ###
#####........######..#
##..<....>.......#
#..........p@....#
###....######.F...##
#....### ####.##
###### ###


You could see Prince Ribbit and a slave.

Vanquished Creatures
  A slave (D:4)
  A phantom (D:3)
  An ogre (D:5)
  A crimson imp (D:5)
  4 orc wizards
  A hound (D:3)
  An orc priest (D:4)
  Jessica (D:3)
  An iguana (D:4)
  A worker ant (D:4)
  3 mummies (Ossuary)
  4 gnolls (D:2)
  7 adders
  A shadow imp (D:5)
  2 adder zombies (Ossuary)
  A worm (D:2)
  A dart slug (D:1)
  2 leopard geckos
  7 orcs
  4 bats
  2 giant cockroaches (D:1)
  5 goblins
  12 hobgoblins
  3 jackals (D:1)
  A quokka (D:2)
  A ball python (D:1)
  3 frilled lizards
  3 goblin zombies
  3 hobgoblin zombies (Ossuary)
  A kobold (D:1)
  4 kobold zombies (Ossuary)
  4 quokka zombies
  5 rats
  4 rat zombies (Ossuary)
96 creatures vanquished.

Notes
Turn   | Place    | Note
-------+----------+-------------------------------------------
     0 | D:1      | EternalFade the Centaur Hunter began the quest for the Orb.
     0 | D:1      | Reached XP level 1. HP: 17/17 MP: 1/1
    69 | D:1      | Reached XP level 2. HP: 23/24 MP: 2/2
   651 | D:2      | Reached XP level 3. HP: 30/30 MP: 3/3
   719 | D:2      | Reached skill level 6 in Bows
   728 | D:2      | Reached XP level 4. HP: 12/38 MP: 4/4
  1515 | D:2      | Found a hazy altar of Hepliaklqana.
  2289 | D:3      | Reached XP level 5. HP: 45/45 MP: 5/5
  2717 | D:3      | Found a faded altar of an unknown god.
  3163 | D:3      | Noticed Sigmund
  3192 | D:3      | Noticed Jessica
  3195 | D:3      | Killed Jessica
  3195 | D:3      | Reached skill level 7 in Bows
  3365 | D:3      | Noticed a phantom
  3584 | D:3      | Killed a phantom
  3584 | D:3      | Reached XP level 6. HP: 44/52 MP: 6/6
  3739 | D:3      | Noticed Grinder
  4064 | D:4      | Noticed Pikel
  4064 | D:4      | Noticed a slave
  4064 | D:4      | Noticed a slave
  4064 | D:4      | Noticed a slave
  4096 | D:4      | Found a sand-covered staircase.
  4188 | Ossuary  | Entered an ossuary
  4615 | D:4      | Noticed a slave
  4769 | D:4      | Killed a slave
  4926 | D:4      | Found a staircase to the Ecumenical Temple.
  4939 | Temple   | Entered the Ecumenical Temple
  5383 | D:4      | Noticed Dowan
  5429 | D:3      | Reached XP level 7. HP: 20/60 MP: 7/7
  5760 | D:4      | Noticed Eustachio
  5972 | D:4      | Noticed Duvessa
  6049 | D:5      | Entered Level 5 of the Dungeon
  6709 | D:5      | Noticed Prince Ribbit
  6711 | D:5      | Reached skill level 5 in Fighting
  6711 | D:5      | Reached skill level 8 in Bows
  6992 | D:5      | Mangled by Prince Ribbit

Levels and vault maps discovered:
D:1:      saegor_arrival_miasma, layout_rooms
D:2:      layout_basic, nicolae_overflow_crystal_walls, first_ration
D:3:      layout_loops_cross, chequers_ecumenical_altar_simple_redux,
          corexii_leaking_fountain, uniq_sigmund, uniq_grinder, uniq_jessica,
          uniq_terence
D:4:      layout_basic, minmay_temple_entry_mini_moons, enter_ossuary_4,
          uniq_pikel, uniq_duvessa, uniq_eustachio
D:5:      layout_layer_cave, lemuel_coloured_pillars_altar, trog_wizard,
          uniq_prince_ribbit1
Temple:   grunt_temple_mini_profane

Skill      XL: |  1  2  3  4  5  6  7 |
---------------+----------------------+-----
Dodging        | 2 3 |  3.7
Bows           | 6 7 8 |  8.1
Fighting       | 3 4 5 |  5.0
Stealth        | |  0.4

Action                   |  1- 3 |  4- 6 |  7- 9 || total
-------------------------+-------+-------+-------++-------
Melee: Short sword       |       |    84 |    19 ||   103
       Kick              |       |    16 |     4 ||    20
 Fire: Shortbow          |    84 |   248 |    49 ||   381
Throw: Stone             |       |     1 |       ||     1
  Eat: Ration            |       |     2 |     1 ||     3
       Chunk             |       |     4 |     1 ||     5
Armor: Leather armour    |     5 |    64 |     8 ||    77
Dodge: Dodged            |    10 |   112 |    27 ||   149

Table legend:
 A = Non-vault XP
 B = Vault XP
 C = Vault XP percentage of total XP
 D = Non-vault monster count
 E = Vault monster count
 F = Vault count percentage of total count
                 A         B        C        D         E       F
            +---------+---------+-------+---------+---------+-------
      Total |     856 |     120 |  12.3 |      71 |      24 |  25.3
            +---------+---------+-------+---------+---------+-------
        D:1 |      38 |       0 |   0.0 |      21 |       0 |   0.0
        D:2 |     120 |       0 |   0.0 |      19 |       0 |   0.0
        D:3 |     331 |      37 |  10.1 |      18 |       1 |   5.3
        D:4 |     123 |       2 |   1.6 |       4 |       2 |  33.3
        D:5 |     199 |       0 |   0.0 |       7 |       0 |   0.0
     Temple |      45 |       0 |   0.0 |       2 |       0 |   0.0
    Ossuary |       0 |      81 | 100.0 |       0 |      21 | 100.0
            +---------+---------+-------+---------+---------+-------
